 Dungeon Crawl Stone Soup version 0.20.1-1-g8b1a95d (webtiles) character file.

30 Zachthehappycat the Sneak (level 3, 0/16 HPs)
             Began as a Spriggan Enchanter on Aug 21, 2017.
             Succumbed to an adder's poison
             ... on level 2 of the Dungeon.
             The game lasted 00:08:47 (2322 turns).

Zachthehappycat the Sneak (Spriggan Enchanter)      Turns: 2322, Time: 00:08:47

Health: 0/16       AC:  2    Str:  1 (4)  XL:     3   Next: 5%
Magic:  8/8        EV: 19    Int: 14 (17) God:
Gold:   54         SH:  0    Dex: 15 (16) Spells: 7/8 levels left

rFire    . . .     SeeInvis +   a - +1 dagger
rCold    . . .     Gourm    .   (shield restricted)
rNeg     . . .     Faith    .   b - +0 robe
rPois    .         Spirit   .   (helmet restricted)
rElec    .         Reflect  .   (no cloak)
rCorr    .         Harm     +   (gloves unavailable)
MR       .....                  (boots unavailable)
Stlth    +++.......             o - amulet of harm
Regen    0.1/turn               (no ring)
MPRegen  0.2/turn               (no ring)

@: lethally poisoned (0 -> -7), very quick
A: unfitting armour, see invisible, herbivore 3, speed 3, slow metabolism 2
a: no special abilities


You were on level 2 of the Dungeon.
You were not hungry.

You visited 1 branch of the dungeon, and saw 2 of its levels.

You collected 54 gold pieces.

Inventory:

Hand Weapons
 a - a +1 dagger (weapon)
 m - a +0 club
Missiles
 e - 80 stones (quivered)
Armour
 b - a +0 robe (worn)
Jewellery
 o - an amulet of harm (around neck)
Scrolls
 g - 2 scrolls of identify {unknown}
 j - a scroll of teleportation {unknown}
 l - a scroll of noise {unknown}
Potions
 h - a potion of mutation {unknown}
 i - a potion of degeneration
 n - a potion of resistance {unknown}
Books
 c - a book of Maledictions

   Spells                             Type                      Level
   a - Corona                         Hexes                        1
   b - Ensorcelled Hibernation        Hexes/Ice                    2
   c - Confuse                        Hexes                        3
   d - Tukima's Dance                 Hexes                        3
   e - Dazzling Spray                 Conjuration/Hexes            3
Comestibles
 d - a bread ration
 f - a royal jelly


   Skills:
 + Level 1.5 Short Blades
 + Level 3.6 Dodging
 + Level 4.7 Stealth
 + Level 3.1 Spellcasting
 + Level 4.1 Hexes


You had 7 spell levels left.
You knew the following spells:

 Your Spells              Type           Power        Failure   Level  Hunger
a - Corona                Hex            ##.....      4%          1    #......


Dungeon Overview and Level Annotations

Branches:
Dungeon (2/15)

Altars:
Nemelex Xobeh


Innate Abilities, Weirdness & Mutations

You are very small and have problems with some larger weapons.
You are too small for most types of armour.
You have supernaturally acute eyesight. (SInv)
You are a herbivore.
You cover ground extremely quickly.
You need consume almost no food.


Message History

The rat twitches its whiskers.
* * * LOW HITPOINT WARNING * * *
You feel sick.
There is a lethal amount of poison in your body!
There is a lethal amount of poison in your body!
There is a lethal amount of poison in your body!
There is a lethal amount of poison in your body!
There is a lethal amount of poison in your body!
There is a lethal amount of poison in your body!
There is a lethal amount of poison in your body!
You are too injured to fight recklessly!
You are too injured to fight recklessly!
You are too injured to fight recklessly!
You are too injured to fight recklessly!
You are too injured to fight recklessly!
It was a potion of degeneration.
There was something very wrong with that liquid.
You feel weakened.
You feel dopey.
You feel clumsy.
It was a potion of cancellation.
You feel magically purged.
You die...

##.....##......##.##
#..#.#.##.....##...##
#......##....##.....##
##..#.#.##....#.......#
#.......##........_....
#.......##..S.#.......#
#.......##..r.##.....##
####....##.....##...##
##...##@.....##.##
#...##........+..
#...''†.......##).
#...##....##### #.
#...####..... #...#
###### #.### ..# #.#


You could see an adder and a rat.

Vanquished Creatures
  A dart slug (D:1)
  A leopard gecko (D:2)
  6 bats
  2 giant cockroaches (D:1)
  6 goblins (D:1)
  2 hobgoblins
  A frilled lizard (D:1)
  5 kobolds
  3 rats (D:1)
27 creatures vanquished.

Notes
Turn   | Place    | Note
-------+----------+-------------------------------------------
     0 | D:1      | Zachthehappycat the Spriggan Enchanter began the quest for the Orb.
     0 | D:1      | Reached XP level 1. HP: 9/9 MP: 5/5
   636 | D:1      | Reached XP level 2. HP: 11/13 MP: 6/6
  2176 | D:2      | Reached XP level 3. HP: 16/16 MP: 8/8
  2299 | D:2      | Found a sparkling altar of Nemelex Xobeh.
  2322 | D:2      | Succumbed to an adder's poison

Skill      XL: |  1  2 |
---------------+-------+-----
Hexes          | 4 |  4.1
Spellcasting   | 3 |  3.1
Short Blades   | |  1.5
Dodging        | |  3.6
Stealth        | |  4.7

Action                   || total
-------------------------++-------
Melee: Dagger            ||   176
 Cast: Corona            ||    10
  Use: Potion            ||     2
 Stab: Sleeping          ||     1
Armor: Robe              ||    19
Dodge: Dodged            ||   191
